 Dungeon Crawl Stone Soup version 0.30-b1-2-g02819fbbbe (webtiles) character file.

Game seed: 6170278661705501795

91 MajorAdolf the Sneak (level 4, -6/39 HPs)
             Began as a Naga Wanderer on Nov 15, 2023.
             Killed by nerve-wracking pain
             ... invoked by Grinder
              (9 damage)
             ... on level 3 of the Dungeon.
             The game lasted 00:03:15 (3972 turns).

MajorAdolf the Sneak (Naga Wanderer)                Turns: 3972, Time: 00:03:16

Health: -6/39      AC:  4    Str: 16    XL:     4   Next: 57%
Magic:  4/4        EV:  9    Int: 13    God:
Gold:   63         SH:  0    Dex: 13    Spells: 3/3 levels left

rFire   . . .        p - +7 war axe "Qodeh" {spect, Dex+3}
rCold   . . .        (no shield)
rNeg    . . .        h - +0 robe
rPois   +            e - +0 helmet
rElec   .            c - +0 cloak
rCorr   .            (no gloves)
SInv    +            (no barding)
Will    .....        (no amulet)
Stlth   ++++         (no ring)
HPRegen 0.26/turn    (no ring)
MPRegen 0.09/turn

%: no passive effects
@: about to teleport, very slow
A: AC +1, large, see invisible, deformed body, poison resistance, slowness 2,
spit poison 1, naga tail 1
a: Spit Poison


You were on level 3 of the Dungeon.
You visited 1 branch of the dungeon, and saw 3 of its levels.

You collected 63 gold pieces.

Inventory:

Hand Weapons
 p - the +7 war axe "Qodeh" (weapon) {spect, Dex+3}
   (You found it on level 2 of the Dungeon)

   Dex:       It affects your dexterity (+3).
Armour
 c - a +0 cloak (worn)
 e - a +0 helmet (worn)
 h - a +0 robe (worn)
Wands
 m - a wand of polymorph (3)
Scrolls
 a - a scroll of noise {unknown}
 b - a scroll of teleportation
 d - a scroll of fog
 f - a scroll of amnesia {unknown}
 g - 2 scrolls of magic mapping {unknown}
 i - a scroll of enchant weapon {unknown}
 l - a scroll of identify {unknown}
 o - 4 scrolls of immolation {unknown}
 q - a scroll of vulnerability {unknown}
Potions
 j - a potion of attraction {unknown}
 k - a potion of brilliance {unknown}
 n - 2 potions of magic {unknown}
 r - a potion of degeneration {unknown}


   Skills:
 - Level 2.1 Fighting
 - Level 4.0 Axes
 + Level 7.8 Stealth
 + Level 2.1 Evocations


You had 3 spell levels left.
You didn't know any spells.
Your spell library contained the following spells:

 Spells                   Type           Power      Damage    Failure   Level
 Call Canine Familiar     Summ           0%         N/A       67%         3
 Portal Projectile        Hex/Tloc       0%         N/A       67%         3
 Leda's Liquefaction      Hex/Erth       0%         N/A       97%         4


Dungeon Overview and Level Annotations

Branches:
Dungeon (3/15)

Altars:
Cheibriados

Annotations:
D:3 Grinder


Innate Abilities, Weirdness & Mutations

Your serpentine skin is tough. (AC +1)
You have supernaturally acute eyesight. (SInv)
Armour fits poorly on your strangely shaped body.
Your system is resistant to poisons. (rPois)
You cover ground very slowly.
You can spit poison.
You have a snake-like lower body.


Message History

You can move again.
No target in view!
You start waiting.
Grinder is nearby!
Grinder hits you. x2; You writhe in agony.
You hit Grinder but do no damage.
Your +7 war axe "Qodeh" {spect, Dex+3} closely misses Grinder.
Grinder hits you!
You writhe in agony.
You are too injured to fight recklessly!
You are too injured to fight recklessly!
You are too injured to fight recklessly!
You closely miss Grinder.
Your +7 war axe "Qodeh" {spect, Dex+3} barely misses Grinder.
Grinder gestures at you. Pain shoots through your body!
* * * LOW HITPOINT WARNING * * *
Unknown command.
You hit Grinder.
Grinder is lightly wounded.
Your +7 war axe "Qodeh" {spect, Dex+3} completely misses Grinder.
Grinder hits you but does no damage. Grinder gestures at you.
Pain shoots through your body!
* * * LOW HITPOINT WARNING * * *
Unknown command.
Grinder attacks as you move away! Grinder hits you.
* * * LOW HITPOINT WARNING * * *
You writhe in agony.
* * * LOW HITPOINT WARNING * * *
Your +7 war axe "Qodeh" {spect, Dex+3} disappears.
Grinder gestures at you. You resist with significant effort.
Okay, then.
Okay, then.
As you read the scroll of teleportation, it crumbles to dust.
You feel strangely unstable.
Unknown command.
Grinder gestures at you. Pain shoots through your body!
You die...

#.............#
#..####...##### #...#
#._.# #...# #######.###
.......5..#
#.#.####..##.#.#
#.#.####..#@...#####
.....(.............#
#.#.##....#....###)#
#.#.##.........###.####
#.#............#......#
#.#..#...#######.#.##.#
#<.......##...##.#.##.#
##...#........##)#.##.#
#..####.........#[##.#


You could see Grinder.

Vanquished Creatures
  Robin (D:2)
  3 gnolls (D:3)
  An adder (D:2)
  An orc (D:3)
  4 ball pythons
  2 endoplasms (D:1)
  3 giant cockroaches
  8 goblins
  3 hobgoblins
  2 jackals (D:2)
  A quokka (D:1)
  2 bats
  2 frilled lizards
  4 kobolds
  3 rats
40 creatures vanquished.

Notes
Turn   | Place    | Note
-------+----------+-------------------------------------------
     0 | D:1      | MajorAdolf the Naga Wanderer began the quest for the Orb.
     0 | D:1      | MajorAdolf set off with the following items: a +2 hand axe,
                  | a scroll of teleportation, a +0 cloak, a scroll of fog, a
                  | +0 leather armour.
     0 | D:1      | Reached XP level 1. HP: 19/19 MP: 1/1
   175 | D:1      | Reached skill level 6 in Stealth
   182 | D:1      | Reached XP level 2. HP: 26/26 MP: 2/2
   720 | D:2      | Reached skill level 7 in Stealth
   720 | D:2      | Reached XP level 3. HP: 9/32 MP: 3/3
   949 | D:2      | Reached skill level 1 in Evocations
   987 | D:2      | Identified the +7 war axe "Qodeh" {spect, Dex+3}
  1075 | D:2      | Noticed Robin
  1337 | D:3      | Reached XP level 4. HP: 30/39 MP: 4/4
  3545 | D:2      | Killed Robin
  3935 | D:3      | Found a snail-covered altar of Cheibriados.
  3940 | D:3      | Noticed Grinder
  3947 | D:3      | Paralysed by Grinder for 5 turns
  3955 | D:3      | Paralysed by Grinder for 5 turns
  3972 | D:3      | Killed from afar by Grinder

Illustrated notes

Levels and vault maps discovered:
D:1:      minmay_arrival_open_corners, layout_basic, nrook_campfire,
          kennysheep_small_spiral, item_on_display_a
D:2:      layout_loops_ring, uniq_robin
D:3:      layout_loops_cross, overflow_temple_1_default,
          hellmonk_ecumenical_altar_watching_god, uniq_sigmund, uniq_terence,
          uniq_grinder

Skill      XL: |  1  2  3  4 |
---------------+-------------+-----
Stealth        | 6 7 |  7.8
Evocations     | 1 2 |  2.1
Fighting       | |  2.1
Axes           | |  4.0

Action                     |  1- 3 |  4- 6 || total
---------------------------+-------+-------++-------
  Melee: Hand axe          |    52 |       ||    52
         Punch             |     1 |       ||     1
         War axe           |     8 |    22 ||    30
Ability: Spit Poison       |     5 |       ||     5
    Use: Scroll            |       |     1 ||     1
   Stab: Sleeping          |     6 |     3 ||     9
 Armour: Robe              |    32 |     7 ||    39
  Dodge: Dodged            |    33 |     6 ||    39
